 Dungeon Crawl Stone Soup version 0.26.1-2-gb8aa6d0cf2 (webtiles) character file.

Game seed: 9338702568802113541

9388 DearestLeader the Blocker (level 11, -4/89 HPs)
             Began as a Gnoll Fighter on Mar 14, 2021.
             Was a Priest of Cheibriados.
             Slain by a freezing wraith (15 damage)
             ... on level 10 of the Dungeon.
             The game lasted 00:22:44 (10005 turns).

DearestLeader the Blocker (Gnoll Fighter)          Turns: 10005, Time: 00:22:45

Health: -4/89      AC: 21    Str: 26    XL:     11   Next: 45%
Magic:  10/20      EV: 14    Int: 22    God:    Cheibriados [***...]
Gold:   119        SH: 18    Dex: 23    Spells: 22/22 levels left

rFire    + . .     SeeInvis .   y - +6 flail (vorpal)
rCold    . . .     Faith    .   c - +0 kite shield
rNeg     . . .     Spirit   .   P - +4 scale mail {rF+}
rPois    .         Reflect  +   i - +0 helmet
rElec    .         Harm     .   M - +1 cloak
rCorr    .         Rampage  .   j - +0 pair of gloves
Will     .....                  O - +2 pair of boots {Fly}
Stlth    ++........             x - amulet of reflection
HPRegen  0.24/turn              (no ring)
MPRegen  0.17/turn              (no ring)

@: flying, very slow
A: distributed training, fangs 1, strong nose
a: Stop Flying, Renounce Religion, Bend Time, Temporal Distortion


You were on level 10 of the Dungeon.
You worshipped Cheibriados.
Cheibriados was most pleased with you.
You visited 2 branches of the dungeon, and saw 11 of its levels.

You collected 677 gold pieces.
You spent 558 gold pieces at shops.

Inventory:

Hand Weapons
 k - a +0 hunting sling
 t - the +5 scythe "Finisher" {speed, eviscerate}
   (You found it on level 10 of the Dungeon)

   Attacks with this weapon are significantly faster.
   Cheibriados disapproves of the use of such an item.
 y - a +6 vorpal flail (weapon)
 H - a +0 broad axe of flaming
Missiles
 e - 7 curare-tipped darts (quivered)
Armour
 c - a +0 kite shield (worn)
 i - a +0 helmet (worn)
 j - a +0 pair of gloves (worn)
 M - a +1 cloak (worn)
 O - a +2 pair of boots of flying (worn)
 P - a +4 scale mail of fire resistance (worn)
Jewellery
 w - an uncursed ring of flight
 x - an amulet of reflection (around neck)
Wands
 a - a wand of digging (3)
 p - a wand of enslavement (7)
 q - a wand of iceblast (11)
 L - a wand of flame (13)
Scrolls
 g - 2 scrolls of enchant armour
 h - 6 scrolls of teleportation
 n - a scroll of fear
 o - a scroll of fog
 C - 2 scrolls of blinking
 D - 3 scrolls of vulnerability
 E - a scroll of amnesia
 F - 4 scrolls of remove curse
 J - a scroll of magic mapping {unknown}
 K - 3 scrolls of identify
 N - a scroll of enchant weapon {unknown}
Potions
 d - 4 potions of heal wounds
 f - 3 potions of mutation
 m - 2 potions of haste
 r - 2 potions of invisibility
 s - 2 potions of degeneration {unknown}
 u - 4 potions of flight {unknown}
 v - 2 potions of curing {unknown}
 z - 3 potions of brilliance {unknown}
 B - a potion of might
 G - a potion of cancellation {unknown}
 I - a potion of attraction {unknown}


   Skills:
 + Level 9.2 Fighting
 + Level 6.3 Short Blades
 + Level 6.3 Long Blades
 + Level 6.3 Axes
 + Level 6.3 Maces & Flails
 + Level 7.9 Polearms
 + Level 6.3 Staves
 + Level 6.3 Slings
 + Level 6.3 Bows
 + Level 6.3 Crossbows
 + Level 6.3 Throwing
 + Level 9.2 Armour
 + Level 6.3 Dodging
 + Level 6.3 Stealth
 + Level 9.2 Shields
 + Level 6.3 Unarmed Combat
 + Level 6.3 Spellcasting
 + Level 5.2 Conjurations
 + Level 5.2 Hexes
 + Level 5.2 Summonings
 + Level 5.2 Necromancy
 + Level 5.2 Translocations
 + Level 5.2 Transmutations
 + Level 5.2 Fire Magic
 + Level 5.2 Ice Magic
 + Level 5.2 Air Magic
 + Level 5.2 Earth Magic
 + Level 5.2 Poison Magic
 + Level 6.9 Invocations
 + Level 6.3 Evocations


You had 22 spell levels left.
You didn't know any spells.
Your spell library was empty.

Dungeon Overview and Level Annotations

Branches:
Dungeon (10/15)            Temple (1/1) D:6            Lair (0/6) D:8
    Orc: D:9-12

Altars:
Ashenzari
Cheibriados
Dithmenos
Elyvilon
Fedhas
Gozag
Hepliaklqana
Kikubaaqudgha
Makhleb
Nemelex Xobeh
Okawaru
Qazlal
Ru
Sif Muna
Trog
Uskayaw
Vehumet
Wu Jian
Xom
Yredelemnul
Zin
The Shining One

Shops:
D:8 ?   D:10 *


Innate Abilities, Weirdness & Mutations

Your experience applies equally to all skills.
You have very sharp teeth.
Your uncanny sense of smell can sniff out nearby items.


Message History

Cheibriados appreciates the change of pace.
You can no longer inflict damage on those overly hasty.
Cheibriados lowers the support of your attributes as your movement quickens.
Unknown command.
Unknown command.
You hit the freezing wraith.
The freezing wraith is almost destroyed.
The skeletal warrior hits you but does no damage.
The freezing wraith hits you. The freezing wraith freezes you!!
* * * LOW HITPOINT WARNING * * *
You block the freezing wraith's attack.
You hit the freezing wraith but do no damage.
Your bite misses the freezing wraith.
The freezing wraith is almost destroyed.
The skeletal warrior hits you from afar with a +0 halberd.
* * * LOW HITPOINT WARNING * * *
The freezing wraith hits you.
* * * LOW HITPOINT WARNING * * *
The freezing wraith freezes you!
You die...

.......#########....#####
#.##.# ......##
###.#.....## #.....
......# ...##.....##
#..... ......#
...#....[.## #.....
.###)## ∆ #..##......##
#..... .# #.#OT.
#...#..###..###..... .#
#.##..# ∆
#.z##'#.#...##..... .#
#..#...
∆∆∆+.W.#...##...#..... .#
##.##..#
∆###@.##...###...#### 8#
#..#...###.....#.#'#.#...#
.#
##.##..#.....#####.).##..#
8##
#..#......###.#......#..#
..#
##.##...###...##..#..##.#
8.#
#..#.#'#......#......#.#
..#
##.###.....#..##...###.#
## .##
#..^##..###...'.###...# #.
.# ###..#...###..### #.###
#.


You could see a skeletal warrior and a freezing wraith.

Vanquished Creatures
  A two-headed ogre (D:9)
  An unseen horror (D:10)
  Pikel (D:6)
  Maurice (D:10)
  Joseph (D:10)
  A hornet (D:9)
  A troll (D:10)
  4 yaks (D:9)
  2 wraiths (D:10)
  Edmund (D:5)
  A water moccasin (D:7)
  Duvessa (D:7)
  An ice beast (D:10)
  4 sky beasts
  3 orc warriors
  A hornet zombie (D:5)
  5 ogres
  2 phantoms
  5 centaurs
  2 lemures (D:6)
  7 bullfrogs
  4 big kobolds
  Blork the orc (D:5)
  A gnoll sergeant (D:8)
  Dowan (D:7)
  A water moccasin zombie (D:8)
  A scorpion (D:8)
  16 killer bees
  A wight (D:7)
  2 howler monkeys (D:7)
  A bullfrog zombie (D:8)
  3 quasits
  A jelly (D:8)
  A centaur zombie (D:7)
  3 bullfrog skeletons
  6 orc priests
  2 hounds
  3 centaur skeletons
  2 iguanas
  18 orc wizards
  6 worker ants
  3 hound skeletons (D:6)
  A hound zombie (D:6)
  2 worker ant zombies
  A howler monkey zombie (D:6)
  17 gnolls
  2 howler monkey skeletons (D:6)
  10 adders
  3 shadow imps
  2 white imps
  2 ufetubi
  2 oozes
  5 adder skeletons
  2 adder zombies
  5 worms
  2 dart slugs
  6 leopard geckos
  45 orcs
  A ball python (D:4)
  10 giant cockroaches
  6 goblins
  11 hobgoblins
  9 jackals
  19 kobolds
  3 quokkas
  5 bats
  5 frilled lizards
  A giant cockroach zombie (D:6)
  2 jackal skeletons
  2 leopard gecko skeletons
  2 leopard gecko zombies (D:6)
  3 quokka skeletons
  2 quokka zombies
  6 rats
317 creatures vanquished.

Vanquished Creatures (others)
  A kobold (D:10)
  8 fungi (D:4)
  10 plants
19 creatures vanquished.

Grand Total: 336 creatures vanquished

Notes
Turn   | Place    | Note
-------+----------+-------------------------------------------
     0 | D:1      | DearestLeader the Gnoll Fighter began the quest for the
                  | Orb.
     0 | D:1      | Reached XP level 1. HP: 23/23 MP: 1/1
    56 | D:1      | Reached XP level 2. HP: 28/29 MP: 2/2
   269 | D:1      | Reached XP level 3. HP: 32/35 MP: 3/3
   692 | D:2      | Reached skill level 1 in Invocations
   989 | D:2      | Reached skill level 1 in Short Blades
   989 | D:2      | Reached skill level 1 in Long Blades
   989 | D:2      | Reached skill level 1 in Axes
   989 | D:2      | Reached skill level 1 in Maces & Flails
   989 | D:2      | Reached skill level 1 in Staves
   989 | D:2      | Reached skill level 1 in Slings
   989 | D:2      | Reached skill level 1 in Bows
   989 | D:2      | Reached skill level 1 in Crossbows
   989 | D:2      | Reached skill level 1 in Throwing
   989 | D:2      | Reached skill level 1 in Dodging
   989 | D:2      | Reached skill level 1 in Stealth
   989 | D:2      | Reached skill level 1 in Unarmed Combat
   989 | D:2      | Reached skill level 1 in Spellcasting
   989 | D:2      | Reached skill level 1 in Evocations
   993 | D:2      | Reached XP level 4. HP: 29/41 MP: 5/5
  1460 | D:2      | Reached skill level 1 in Conjurations
  1460 | D:2      | Reached skill level 1 in Hexes
  1460 | D:2      | Reached skill level 1 in Summonings
  1460 | D:2      | Reached skill level 1 in Necromancy
  1460 | D:2      | Reached skill level 1 in Translocations
  1460 | D:2      | Reached skill level 1 in Transmutations
  1460 | D:2      | Reached skill level 1 in Fire Magic
  1460 | D:2      | Reached skill level 1 in Ice Magic
  1460 | D:2      | Reached skill level 1 in Air Magic
  1460 | D:2      | Reached skill level 1 in Earth Magic
  1460 | D:2      | Reached skill level 1 in Poison Magic
  1742 | D:2      | Reached XP level 5. HP: 38/47 MP: 5/7
  2144 | D:3      | Found a white marble altar of Elyvilon.
  2521 | D:3      | Found a sacrificial altar of Ru.
  2568 | D:3      | Found a glowing silver altar of Zin.
  2613 | D:4      | Reached XP level 6. HP: 52/53 MP: 8/8
  2613 | D:4      | Found a blossoming altar of Fedhas.
  2716 | D:4      | Reached skill level 5 in Polearms
  2995 | D:4      | Found a glowing golden altar of the Shining One.
  3141 | D:4      | Found a broken altar of Ashenzari.
  3183 | D:4      | Reached XP level 7. HP: 22/59 MP: 10/10
  3236 | D:4      | HP: 3/60 [orc wizard/+0 spear (4)]
  4270 | D:5      | Entered Level 5 of the Dungeon
  4290 | D:5      | Noticed Edmund
  4301 | D:5      | Killed Edmund
  4302 | D:5      | Reached XP level 8. HP: 67/67 MP: 12/12
  4431 | D:5      | Noticed Blork the orc
  4439 | D:5      | Killed Blork the orc
  4837 | D:6      | Noticed Pikel
  4863 | D:6      | Killed Pikel
  4969 | D:6      | Reached XP level 9. HP: 73/73 MP: 14/14
  5027 | D:6      | Found a staircase to the Ecumenical Temple.
  5040 | Temple   | Entered the Ecumenical Temple
  5061 | Temple   | Became a worshipper of Cheibriados the Contemplative
  5637 | D:7      | Found a burning altar of Makhleb.
  5752 | D:7      | Identified the cursed +0 whip "Jopholul" {chaos, rC+ Dex+4}
  5753 | D:7      | Reached * piety under Cheibriados
  5763 | D:7      | Noticed Duvessa
  5773 | D:7      | Noticed Dowan
  5797 | D:7      | Killed Duvessa
  5803 | D:7      | Killed Dowan
  6201 | D:7      | Reached skill level 5 in Invocations
  6331 | D:7      | Reached ** piety under Cheibriados
  6823 | D:8      | Reached XP level 10. HP: 78/80 MP: 17/17
  6874 | D:8      | Reached skill level 5 in Short Blades
  6874 | D:8      | Reached skill level 5 in Long Blades
  6874 | D:8      | Reached skill level 5 in Axes
  6874 | D:8      | Reached skill level 5 in Maces & Flails
  6874 | D:8      | Reached skill level 5 in Staves
  6874 | D:8      | Reached skill level 5 in Slings
  6874 | D:8      | Reached skill level 5 in Bows
  6874 | D:8      | Reached skill level 5 in Crossbows
  6874 | D:8      | Reached skill level 5 in Throwing
  6874 | D:8      | Reached skill level 5 in Dodging
  6874 | D:8      | Reached skill level 5 in Stealth
  6874 | D:8      | Reached skill level 5 in Unarmed Combat
  6874 | D:8      | Reached skill level 5 in Spellcasting
  6874 | D:8      | Reached skill level 5 in Evocations
  7010 | D:8      | Reached *** piety under Cheibriados
  7283 | D:8      | Found a snail-covered altar of Cheibriados.
  7384 | D:8      | Found a burning altar of Makhleb.
  7442 | D:8      | Found a staircase to the Lair.
  7514 | D:8      | Found Pudd's Magic Scroll Boutique.
  7532 | D:8      | Bought a scroll of blinking for 90 gold pieces
  7590 | D:8      | Found a blossoming altar of Fedhas.
  8141 | D:9      | Reached **** piety under Cheibriados
  8152 | D:9      | Found a hazy altar of Hepliaklqana.
  8173 | D:9      | Noticed a two-headed ogre
  8180 | D:9      | Killed a two-headed ogre
  8211 | D:9      | Paralysed by a hornet for 1 turns
  8639 | D:9      | Found a sparkling altar of Nemelex Xobeh.
  8700 | D:9      | Reached XP level 11. HP: 86/87 MP: 19/19
  9120 | D:10     | Entered Level 10 of the Dungeon
  9256 | D:10     | Noticed Maurice
  9270 | D:10     | Killed Maurice
  9271 | D:10     | Reached skill level 5 in Conjurations
  9271 | D:10     | Reached skill level 5 in Hexes
  9271 | D:10     | Reached skill level 5 in Summonings
  9271 | D:10     | Reached skill level 5 in Necromancy
  9271 | D:10     | Reached skill level 5 in Translocations
  9271 | D:10     | Reached skill level 5 in Transmutations
  9271 | D:10     | Reached skill level 5 in Fire Magic
  9271 | D:10     | Reached skill level 5 in Ice Magic
  9271 | D:10     | Reached skill level 5 in Air Magic
  9271 | D:10     | Reached skill level 5 in Earth Magic
  9271 | D:10     | Reached skill level 5 in Poison Magic
  9364 | D:10     | Reached ***** piety under Cheibriados
  9457 | D:10     | Killed an unseen horror
  9642 | D:10     | Noticed Joseph
  9651 | D:10     | Found the +5 scythe "Finisher" {speed, eviscerate}
  9708 | D:10     | Killed Joseph
  9851 | D:10     | Found Taotaef's Assorted Antiques.
  9857 | D:10     | Bought a pair of runed boots for 180 gold pieces
  9857 | D:10     | Bought a shiny scale mail for 168 gold pieces
  9857 | D:10     | Bought a potion of heal wounds for 120 gold pieces
  9987 | D:10     | Noticed a two-headed ogre
  9993 | D:10     | Noticed a skeletal warrior
 10005 | D:10     | Slain by a freezing wraith

Illustrated notes

Levels and vault maps discovered:
D:1:      ncdulo_wetmaze, layout_rooms, corexii_item_surrounded_by_moat
D:2:      layout_basic, serial_bayou, serial_bayou_pond_d, serial_bayou_shore_a,
          serial_bayou_pond_d, serial_bayou_pond_c, minmay_worlds_worst_comb
D:3:      layout_rooms, elyvilon_altar_3, nicolae_ru_the_path_less_chosen,
          lemuel_coloured_pillars_altar
D:4:      layout_basic, ashenzari_altar_1, lemuel_round_altar, fedhas_altar_3
D:5:      layout_cave_pools, uniq_blork_the_orc, uniq_edmund
D:6:      layout_loops_ring, minmay_temple_entry_statues_fountains,
          serial_undead, serial_undead_a, serial_undead_b, serial_undead_d,
          serial_undead_c, uniq_pikel
D:7:      layout_cave_pools, basic_altar, minmay_holes, minmay_shattered_shrine,
          uniq_duvessa
D:8:      layout_basic, bloody_makhleb, kennysheep_mini_moat, lair_entry_dummy,
          serial_shops, shop, basic_altar, kennysheep_small_circle
D:9:      layout_irregular_city, nzn_hepliaklqana_mist_gate,
          nemelex_altar_shiori
D:10:     minmay_slanted_spiral_squares, layout_basic, serial_shops,
          nicolae_shop_temple_entry_statues_fountains,
          minmay_guarded_unrand_finisher, uniq_maurice, uniq_joseph
Temple:   eino_temple_lava

Skill      XL: |  1  2  3  4  5  6  7  8  9 10 11 |
---------------+----------------------------------+-----
Invocations    | 1 2 3 4 5 6 |  6.9
Short Blades   | 1 2 3 4 5 6 |  6.3
Long Blades    | 1 2 3 4 5 6 |  6.3
Axes           | 1 2 3 4 5 6 |  6.3
Maces & Flails | 1 2 3 4 5 6 |  6.3
Staves         | 1 2 3 4 5 6 |  6.3
Slings         | 1 2 3 4 5 6 |  6.3
Bows           | 1 2 3 4 5 6 |  6.3
Crossbows      | 1 2 3 4 5 6 |  6.3
Throwing       | 1 2 3 4 5 6 |  6.3
Dodging        | 1 2 3 4 5 6 |  6.3
Stealth        | 1 2 3 4 5 6 |  6.3
Unarmed Combat | 1 2 3 4 5 6 |  6.3
Spellcasting   | 1 2 3 4 5 6 |  6.3
Evocations     | 1 2 3 4 5 6 |  6.3
Conjurations   | 1 2 3 4 5 |  5.2
Hexes          | 1 2 3 4 5 |  5.2
Summonings     | 1 2 3 4 5 |  5.2
Necromancy     | 1 2 3 4 5 |  5.2
Translocations | 1 2 3 4 5 |  5.2
Transmutations | 1 2 3 4 5 |  5.2
Fire Magic     | 1 2 3 4 5 |  5.2
Ice Magic      | 1 2 3 4 5 |  5.2
Air Magic      | 1 2 3 4 5 |  5.2
Earth Magic    | 1 2 3 4 5 |  5.2
Poison Magic   | 1 2 3 4 5 |  5.2
Polearms       | 5 6 7 |  7.9
Fighting       | 7 8 9 |  9.2
Armour         | 7 8 9 |  9.2
Shields        | 7 8 9 |  9.2

Action                   |  1- 3 |  4- 6 |  7- 9 | 10-12 || total
-------------------------+-------+-------+-------+-------++-------
Melee: Trident           |   101 |    15 |       |       ||   116
       Bite              |    11 |    26 |    42 |    51 ||   130
       Mace              |       |   212 |   132 |       ||   344
       Flail             |       |       |   244 |   319 ||   563
Invok: Slouch            |       |       |       |     3 ||     3
  Use: Scroll            |     7 |     5 |     4 |       ||    16
       Potion            |       |       |     3 |       ||     3
 Stab: Sleeping          |       |       |     2 |     4 ||     6
Armor: Scale mail        |    24 |   136 |   148 |   102 ||   410
Dodge: Dodged            |    25 |    93 |   154 |   154 ||   426
Block: Kite shield       |    51 |   113 |   311 |   375 ||   850
       Reflection        |       |       |    11 |    10 ||    21
